 Dungeon Crawl Stone Soup version 0.29.1-2-gbd0b4ee654 (webtiles) character file.

Game seed: 821415489549175411

224606 croobank the Covert (level 18, -1/155 HPs)
             Began as a Demonspawn Conjurer on Nov 30, 2022.
             Was an Initiate of Gozag.
             Slain by a snapping turtle (16 damage)
             ... on level 4 of the Shoals.
             The game lasted 05:48:13 (73749 turns).

croobank the Covert (Demonspawn Conjurer)          Turns: 73749, Time: 05:48:13

Health: -1/155     AC: 11    Str:  8    XL:     18   Next: 59%
Magic:  0/34       EV: 19    Int: 25    God:    Gozag
Gold:   5270       SH: 14    Dex: 19    Spells: 9/42 levels left

rFire   + + .      SeeInvis +   x - +7 dagger (freeze)
rCold   + + +      Faith    .   I - +2 shield of Resistance {rF++ rC++ Will++}
rNeg    . . .      Spirit   +   r - +2 robe {Will+}
rPois   +          Reflect  .   (helmet unavailable)
rElec   +          Harm     .   B - scarf {repulsion}
rCorr   .          Rampage  .   w - +1 pair of gloves {hurl}
Will    ++++.                   z - +1 pair of boots
Stlth   +++.......              (no amulet)
HPRegen 0.35/turn               R - ring of the Fabulous God {rElec rPois rC+ Dex-2}
MPRegen 0.48/turn               l - ring of Ducvuc {rC+ Dex+7 SInv}

@: gold aura, repel missiles, very slow
A: horns 3, rugged brown scales 3, augmentation 1, magic shield, magic
regeneration, demonic magic 2
}: 1/15 runes: gossamer
a: Renounce Religion, Potion Petition, Call Merchant, Bribe Branch


You were on level 4 of the Shoals.
You worshipped Gozag.
Gozag was greatly pleased with you.
You visited 7 branches of the dungeon, and saw 32 of its levels.

You collected 11640 gold pieces.
You spent 4197 gold pieces at shops.
You paid 2173 gold pieces to Gozag.

Inventory:

Hand Weapons
 f - the +10 quarterstaff "Nenaez" {vamp, Int+3 Dex+4 Stlth-}
   (You found it on level 5 of the Lair of Beasts)

   It occasionally heals its wielder for a portion of the damage dealt when it
   wounds a living foe.
   Int:       It affects your intelligence (+3).
   Dex:       It affects your dexterity (+4).
   Stlth:     It makes you less stealthy.
 x - a +7 dagger of freezing (weapon)
 Q - a +4 scimitar of flaming
Missiles
 Z - a throwing net
Armour
 r - a +2 robe of willpower (worn)
 w - a +1 pair of gloves of hurling (worn)
 z - a +1 pair of boots (worn)
 B - a scarf of repulsion (worn)
 I - the +2 shield of Resistance (worn) {rF++ rC++ Will++}
   (You bought it in a shop on level 2 of the Orcish Mines)

   rF:        It greatly protects you from fire.
   rC:        It greatly protects you from cold.
   Will:      It greatly increases your willpower.
Jewellery
 l - the ring of Ducvuc (right hand) {rC+ Dex+7 SInv}
   (You took it off an orc wizard on level 12 of the Dungeon)

   [ring of see invisible]

   Dex:       It affects your dexterity (+7).
   rC:        It protects you from cold.
   SInv:      It lets you see invisible.
 o - a ring of protection from cold
 p - a +4 ring of evasion
 t - a ring of poison resistance
 u - a ring of wizardry
 y - a ring of protection from fire
 F - a +6 ring of strength
 R - the ring of the Fabulous God (left hand) {rElec rPois rC+ Dex-2}
   (You found it on level 5 of the Lair of Beasts)

   [ring of poison resistance]

   Dex:       It affects your dexterity (-2).
   rC:        It protects you from cold.
   rElec:     It insulates you from electricity.
   rPois:     It protects you from poison.
 T - a +4 ring of evasion
 V - a ring of magical power
 Y - an amulet of reflection
Wands
 g - a wand of mindburst (12)
 v - a wand of digging (12)
 S - a wand of flame (7)
 W - a wand of iceblast (11)
Scrolls
 h - 7 scrolls of poison
 j - a scroll of summoning
 m - 5 scrolls of immolation
 n - 3 scrolls of amnesia
 s - a scroll of acquirement
 E - 2 scrolls of magic mapping
 G - 3 scrolls of fear
 K - a scroll of silence
 M - 2 scrolls of vulnerability
 N - a scroll of enchant weapon
 P - 11 scrolls of teleportation
Potions
 a - 3 potions of heal wounds
 c - 3 potions of ambrosia
 d - 17 potions of curing
 e - 2 potions of attraction
 i - 6 potions of lignification
 k - 3 potions of mutation
 q - 7 potions of brilliance
 A - 4 potions of flight
 C - 2 potions of cancellation
 D - 5 potions of berserk rage
 L - 2 potions of might
 U - 3 potions of resistance
 X - 2 potions of magic
Miscellaneous
 b - a box of beasts
 H - a lightning rod (4/4)
 J - a condenser vane
 O - a tin of tremorstones (2/2)


   Skills:
 + Level 13.8 Fighting
 - Level 5.0 Short Blades
 + Level 12.9 Dodging
 + Level 14.0 Stealth
 - Level 10.0 Shields
 + Level 12.8 Spellcasting
 - Level 10.0 Conjurations
 - Level 5.0 Hexes
 * Level 8.6 Summonings
 - Level 5.3 Necromancy
 + Level 8.2 Translocations
 - Level 5.0 Transmutations
 - Level 5.0 Fire Magic
 - Level 1.8 Poison Magic


You had 9 spell levels left.
You knew the following spells:

 Your Spells              Type           Power      Damage    Failure   Level
a - Magic Dart            Conj           100%       1d8       1%          1
b - Searing Ray           Conj           100%       2d8       1%          2
c - Dazzling Flash        Conj/Hex       100%       N/A       1%          3
d - Iskenderun's Mystic   Conj/Tloc      57%        2d12      1%          4
e - Blink                 Tloc           100%       N/A       1%          2
f - Stone Arrow           Conj/Erth      82%        3d12      3%          3
g - Summon Guardian Gole  Hex/Summ       50%        N/A       1%          3
h - Mephitic Cloud        Conj/Pois/Air  35%        N/A       4%          3
i - Ignite Poison         Fire/Tmut/Pois 35%        N/A       4%          3
j - Apportation           Tloc           100%       N/A       1%          1
k - Dispel Undead         Necr           42%        3d17      9%          4
l - Passage of Golubria   Tloc           54%        N/A       2%          4

Your spell library contained the following spells:

 Spells                   Type           Power      Damage    Failure   Level
 Necrotise                Necr           100%       1d9       1%          1
 Summon Small Mammal      Summ           100%       N/A       1%          1
 Scorch                   Fire           82%        2d9       1%          2
 Static Discharge         Conj/Air       41%        3-9/arc   1%          2
 Call Canine Familiar     Summ           56%        N/A       1%          3
 Conjure Flame            Conj/Fire      52%        6-21      1%          3
 Lesser Beckoning         Tloc           54%        N/A       1%          3
 Portal Projectile        Hex/Tloc       98%        N/A       1%          3
 Vampiric Draining        Necr           42%        2d9       2%          3
 Flame Wave               Conj/Fire      52%        2d13      3%          4
 Fulminant Prism          Conj/Hex       26%        3d14      3%          4
 Sticky Flame             Conj/Fire      52%        2d7       3%          4
 Passwall                 Tmut/Erth      23%        N/A       4%          2
 Manifold Assault         Tloc           54%        N/A       8%          5
 Freeze                   Ice            64%        1d8       9%          1
 Sandblast                Erth           32%        2d9       9%          1
 Hailstorm                Conj/Ice       41%        3d10      11%         4
 Animate Armour           Summ/Erth      74%        N/A       14%         4
 Summon Ice Beast         Ice/Summ       37%        N/A       14%         4
 Summon Lightning Spire   Summ/Air       37%        N/A       14%         4
 Frozen Ramparts          Ice            32%        1d5       24%         3
 Agony                    Necr           42%        N/A       26%         5
 Ice Form                 Ice/Tmut       28%        N/A       28%         4
 Leda's Liquefaction      Hex/Erth       14%        N/A       28%         4
 Summon Cactus Giant      Summ           28%        N/A       34%         6
 Alistair's Intoxication  Tmut/Pois      22%        N/A       50%         5
 Freezing Cloud           Conj/Ice/Air   16%        6-21      50%         5
 Silence                  Hex/Air        14%        N/A       63%         5
 Storm Form               Tmut/Air       14%        N/A       100%        7
 Lehudib's Crystal Spear  Conj/Erth      20%        10d6      100%        8
 Maxwell's Capacitive Co  Air            8%         ∞         100%        8


Dungeon Overview and Level Annotations

Branches:
Dungeon (15/15)            Temple (1/1) D:6            Lair (5/5) D:10
 Shoals (4/4) Lair:2       Spider (4/4) Lair:2        Slime (0/5) Lair:5
    Orc (2/2) D:11            Elf (1/3) Orc:2        Vaults (0/5) D:13
 Depths: D:15

Altars:
Dithmenos
Fedhas
Gozag
Hepliaklqana
Kikubaaqudgha
Nemelex Xobeh
Okawaru
Ru
Sif Muna
Trog
Uskayaw
Vehumet
Wu Jian
Xom
Yredelemnul
Jiyva

Shops:
D:1 ([?*[   D:2 (   D:10 *:   Orc:1 (   Orc:2 ([*:

Portals:
Trove: D:11 (give 2 scrolls of acquirement)

Annotations:
D:11 4 runed translucent doors
Lair:1 3 runed translucent doors, kingsuperguy's ghost, novice MiBe
Spider:1 2 transporters, exclusion: orange crystal statue


Innate Abilities, Weirdness & Mutations

You have a pair of large horns on your head.
You are completely covered in rugged brown scales. (AC +3, +7% HP)
Your magical and physical power is slightly enhanced at high health.
When hurt, damage is shared between your health and your magic reserves.
You regenerate magic rapidly.
Spells you cast may paralyse nearby enemies.


Message History

The mystic blast hits the water nymph!
The water nymph is almost dead.
The water nymph is knocked back by the mystic blast.
Malevolent energies surge around you.
The merfolk javelineer shoots an arrow.
The arrow closely misses you. The water nymph casts a spell at you.
The water swirls and strikes you!
The alligator snapping turtle bites you from afar!!
The faun shoots a sling bullet.
The sling bullet barely misses you.
Casting: Iskenderun's Mystic Blast (mildly dangerous; 1% risk of failure)
Confirm with . or Enter, or press ? or * to list all spells.
Aiming: Stone Arrow (mildly dangerous; 3% risk of failure)
Press: ? - help, Shift-Dir - straight line, f - water nymph
Aim: a water nymph (almost dead, 69% to hit)
The stone arrow hits the water nymph!!
You kill the water nymph!
Malevolent energies surge around you.
The merfolk aquamancer suddenly stops moving!
The merfolk impaler hits you from afar with a +1 trident of venom!
The satyr plays a frightful melody on his pipes!
The satyr radiates an aura of fear!
You resist with some effort.
The water nymph points at you and mumbles some strange words.
The water swirls and strikes you!!
The water nymph points at you and mumbles some strange words.
The water swirls and strikes you!!
* * * LOW HITPOINT WARNING * * *
The merfolk hits you from afar with a +0 trident.
* * * LOW HITPOINT WARNING * * *
The merfolk siren is distracted by your dazzling golden aura.
You block the merfolk impaler's attack. The merfolk barely misses you.
The merfolk aquamancer casts a spell at you.
The torrent of water hits you!!
* * * LOW HITPOINT WARNING * * *
You are knocked back by the torrent of water.
Splash!
The wave splashes down.
The merfolk aquamancer casts a spell.
The merfolk aquamancer blinks!
The snapping turtle bites you!!
You die...
Your body crumbles into a pile of gold.

~........##~....#≈##....P.P.
~~.......#~..≈≈.|#≈#......P.
≈~.......#..#≈#≈..≈#.......P
≈~~......#..≈≈##≈.≈#........
~~~..[...#...≈≈≈≈.≈#........
~~~.....H#.#..≈#..≈#.....~P~
~~......m§#.#....~##...~~~~~
~~........$#~...~##..~~~~~~~
≈~~......mm@######...~~~~~~~
~~~....m[)t~§~....#..~~~~~~~
~~~~....m~mt~~§..(#..~~~...~
~~~~....m.mm[$t.§.##~~.....~
≈≈≈~~..~~~~.cmc..m.~~~<.##..
≈≈~~~..~m~.[..........~##..
~~~~..~~~.................
≈~~~........≈≈≈≈≈≈≈≈~....
~≈~~........≈######≈≈...~


You could see an alligator snapping turtle, a merfolk avatar, 2 merfolk
impalers, a merfolk javelineer, a satyr, 2 merfolk aquamancers, 2 snapping
turtles, 2 merfolk, a faun, a manticore, a merfolk siren (unaware) and 2 water
nymphs.

Vanquished Creatures
  Arachne (Spider:3)
  Frances (D:12)
  Polyphemus (Shoals:2)
  A kraken (Shoals:2)
  Gastronok (D:8)
  Agnes (Spider:4)
  2 emperor scorpions
  4 ghost moths
  An orc warlord (Orc:2)
  A broodmother (Spider:2)
  7 entropy weavers (Spider:1)
  Azrael (Spider:3)
  5 spark wasps
  7 merfolk impalers
  A merfolk javelineer (Shoals:1)
  A yaktaur captain (D:12)
  A catoblepas (Shoals:2)
  2 merfolk avatars
  An ice dragon (D:12)
  7 hydras
  7 boulder beetles
  6 jorogumos
  3 satyrs
  A tengu warrior (D:13)
  2 dancing weapons (D:13)
  3 alligators (Shoals:3)
  3 radroaches
  2 centaur warriors
  4 merfolk aquamancers
  An alligator snapping turtle (Shoals:3)
  3 orc high priests (Orc:2)
  7 death yaks
  The ghost of sigtrap the Covert, a journeyman SpBr of Ashenzari (Orc:1)
  A fire crab (Lair:5)
  2 skeletal warriors
  2 sun moths
  2 goliath frogs (Shoals:3)
  3 pharaoh ants
  A deep elf archer (Elf:1)
  3 steelbarb worms
  11 orb spiders
  26 harpies
  A wizard (D:14)
  11 sea snakes
  3 orc knights
  A harpy (shapeshifter) (D:14)
  5 deep elf pyromancers
  A phantasmal warrior (D:11)
  4 orc sorcerers (Orc:2)
  24 wolf spiders
  7 ugly things
  14 manticores
  22 fauns
  5 moths of wrath
  3 black mambas
  5 cyclopes
  16 merfolk sirens
  23 elephants
  Maurice (Orc:2)
  25 cane toads
  6 water nymphs
  An ice statue (Shoals:4)
  7 torpor snails
  An unseen horror (D:11)
  2 gargoyles
  2 yaktaurs (D:14)
  2 efreet
  5 komodo dragons
  5 rime drakes
  A tengu conjurer (D:13)
  5 demonic crawlers
  30 merfolk
  A guardian mummy (D:11)
  3 wind drakes
  12 meliai
  4 polar bears
  A troll (shapeshifter) (D:13)
  6 trolls
  A tyrant leech (Lair:5)
  Prince Ribbit (D:8)
  14 blink frogs
  10 slime creatures
  10 snapping turtles
  21 tarantellas
  17 dream sheep
  32 jumping spiders
  10 water elementals
  23 culicivoras
  A wraith (Shoals:1)
  57 yaks
  A shadow (D:9)
  6 wyverns
  5 basilisks
  5 fire elementals
  49 redbacks
  11 vampire mosquitoes
  5 acid dragons
  9 wargs
  15 water moccasins
  5 hell hounds
  3 ice beasts
  2 sky beasts
  42 orc warriors
  The ghost of turdburglar the Poker, an amateur MiGl (D:3)
  4 ogres
  A black bear (D:7)
  4 wolves
  11 centaurs
  A kobold brigand (D:10)
  18 bullfrogs
  Blork the orc (D:6)
  3 gnoll sergeants
  4 scorpions
  8 wights
  14 killer bees
  2 electric eels (Lair:5)
  4 howler monkeys
  2 lava snakes (Lair:5)
  8 hounds
  21 orc priests
  3 jellies (Lair:5)
  2 gnoll boudas
  2 iguanas
  34 orc wizards
  25 gnolls
  2 river rats (D:3)
  5 adders
  A shadow imp (D:7)
  A white imp (D:5)
  A worm (D:4)
  A dart slug (D:5)
  93 orcs
  8 ball pythons
  6 endoplasms
  6 giant cockroaches
  5 goblins
  8 hobgoblins
  2 jackals
  3 quokkas
  4 bats
  6 frilled lizards
  13 kobolds
  4 rats
  A tentacle (Shoals:2)
1104 creatures vanquished.

Vanquished Creatures (collateral kills)
  Mlioglotl (Spider:3)
  An iron dragon (D:12)
  2 boulder beetles (Spider:1)
  A demonic crawler (Spider:1)
  An orc (D:4)
  An endoplasm (D:4)
7 creatures vanquished.

Vanquished Creatures (others)
  A hydra (Lair:3)
  A two-headed ogre (Orc:2)
  A satyr (Shoals:3)
  A death yak (Lair:2)
  2 goliath frogs (Lair:5)
  2 skeletal warriors
  A steelbarb worm (Spider:2)
  2 orb spiders (Spider:4)
  An orc knight (Orc:2)
  A harpy (Shoals:4)
  2 wolf spiders (Spider:4)
  An ugly thing (D:14)
  A faun (Shoals:3)
  3 yaktaurs (D:14)
  A tyrant leech (Lair:5)
  A meliai (Spider:4)
  2 jumping spiders (Spider:1)
  A culicivora (Spider:2)
  2 orc warriors (Orc:1)
  2 wolves (Lair:2)
  4 ogres
  A gnoll bouda (D:8)
  2 orc priests
  2 gnolls (D:8)
  4 orcs
  A bush (Lair:4)
  48 fungi
  222 plants
  6 tentacles (Shoals:2)
319 creatures vanquished.

Grand Total: 1430 creatures vanquished

Notes
Turn   | Place    | Note
-------+----------+-------------------------------------------
     0 | D:1      | croobank the Demonspawn Conjurer began the quest for the
                  | Orb.
     0 | D:1      | Reached XP level 1. HP: 13/13 MP: 3/3
   167 | D:1      | Found Akuiqeh's Antique Armour Emporium.
   231 | D:1      | Reached skill level 2 in Stealth
   231 | D:1      | Gained mutation: You are partially covered in rugged brown
                  | scales. (AC +1, +3% HP) [demonic ancestry]
   231 | D:1      | Reached XP level 2. HP: 1/20 MP: 0/5
   234 | D:1      | Learned a level 2 spell: Searing Ray
   245 | D:1      | Found Ikokeuj's Magic Scroll Shop.
   568 | D:1      | Bought a scroll of identify for 24 gold pieces
   581 | D:1      | Found a faded altar of an unknown god.
   581 | D:1      | Found Zaem Qio's Antique Weapon Boutique.
   945 | D:1      | Found Jinkih's Assorted Antiques.
   953 | D:1      | Found Ceplo's Antique Armour Boutique.
  1135 | D:2      | Found Seet's Antique Weapon Shoppe.
  1487 | D:2      | Reached skill level 1 in Fighting
  1487 | D:2      | Gained mutation: You have a pair of small horns on your
                  | head. [demonic ancestry]
  1487 | D:2      | Reached XP level 3. HP: 23/26 MP: 0/6
  1938 | D:3      | Reached XP level 4. HP: 32/32 MP: 5/7
  1942 | D:3      | Learned a level 3 spell: Dazzling Flash
  2101 | D:3      | Found a runed translucent door.
  2106 | D:3      | Noticed turdburglar's ghost (amateur MiGl)
  2261 | D:3      | Found a bloodstained altar of Trog.
  2684 | D:3      | Found a runed translucent door.
  3266 | D:4      | Gained mutation: You have a pair of horns on your head.
                  | [demonic ancestry]
  3266 | D:4      | Reached XP level 5. HP: 18/39 MP: 0/9
  4148 | D:4      | Found a blossoming altar of Fedhas.
  4346 | D:4      | Reached skill level 3 in Stealth
  4526 | D:5      | Entered Level 5 of the Dungeon
  4569 | D:4      | Reached XP level 6. HP: 37/47 MP: 4/10
  4637 | D:4      | Learned a level 4 spell: Iskenderun's Mystic Blast
  4639 | D:5      | Found a shimmering blue altar of Sif Muna.
  4952 | D:5      | Reached skill level 5 in Conjurations
  4972 | D:5      | Reached skill level 1 in Translocations
  4985 | D:5      | Noticed a water moccasin
  4996 | D:5      | Killed a water moccasin
  4997 | D:5      | Gained mutation: You are mostly covered in rugged brown
                  | scales. (AC +2, +5% HP) [demonic ancestry]
  4997 | D:5      | Reached XP level 7. HP: 25/54 MP: 2/12
  5195 | D:5      | Reached skill level 1 in Hexes
  6699 | D:6      | Reached skill level 4 in Stealth
  6699 | D:6      | Gained mutation: You regenerate magic rapidly. [demonic
                  | ancestry]
  6699 | D:6      | Reached XP level 8. HP: 38/60 MP: 5/14
  6851 | D:6      | Noticed Blork the orc
  6862 | D:6      | Killed Blork the orc
  7541 | D:6      | Found a staircase to the Ecumenical Temple.
  7594 | Temple   | Entered the Ecumenical Temple
  7802 | Temple   | Became a worshipper of Gozag Ym Sagoz the Greedy
  7813 | Temple   | Learned a level 2 spell: Blink
  8397 | D:6      | Reached XP level 9. HP: 32/69 MP: 5/15
  9024 | D:6      | Reached skill level 5 in Stealth
  9297 | D:1      | Bought a scroll of identify for 24 gold pieces
  9297 | D:1      | Bought a scroll of blinking for 90 gold pieces
  9316 | D:1      | Bought a warped scimitar for 252 gold pieces
  9316 | D:1      | Identified the +4 scimitar of Ohit {holy, rCorr Str+4
                  | Int+5} (You bought it in a shop on level 1 of the Dungeon)
  9657 | D:7      | Reached skill level 5 in Translocations
  9881 | D:7      | Reached skill level 5 in Spellcasting
 10156 | D:7      | Found a shadowy altar of Dithmenos.
 10170 | D:7      | Found an iron altar of Okawaru.
 10281 | D:7      | Reached skill level 5 in Fighting
 10343 | D:7      | Reached skill level 5 in Dodging
 10561 | D:8      | Found a sparkling altar of Nemelex Xobeh.
 10739 | D:8      | Reached XP level 10. HP: 64/77 MP: 13/18
 10772 | D:8      | Noticed Gastronok
 10800 | D:7      | Learned a level 3 spell: Stone Arrow
 10937 | D:2      | Bought an iridescent mace for 208 gold pieces
 10937 | D:2      | Identified the +5 mace "Caapt" {freeze, Dex+2} (You bought
                  | it in a shop on level 2 of the Dungeon)
 11209 | D:8      | Killed Gastronok
 11210 | D:8      | Reached skill level 6 in Stealth
 11210 | D:8      | Reached skill level 5 in Hexes
 11596 | D:8      | Learned a level 3 spell: Summon Guardian Golem
 12039 | D:10     | Entered Level 10 of the Dungeon
 12439 | D:8      | Noticed Prince Ribbit
 12447 | D:8      | Killed Prince Ribbit
 14199 | D:10     | Reached skill level 7 in Stealth
 14199 | D:10     | Gained mutation: Spells you cast may paralyse adjacent
                  | enemies. [demonic ancestry]
 14199 | D:10     | Reached XP level 11. HP: 66/87 MP: 7/20
 14379 | D:11     | Found a runed translucent door.
 14393 | D:11     | Noticed a skeletal warrior
 14393 | D:11     | Noticed a skeletal warrior
 14393 | D:11     | Noticed a skeletal warrior
 14393 | D:11     | Noticed a skeletal warrior
 15310 | D:10     | Found a staircase to the Lair.
 15829 | D:10     | Found Jaaruraxt's Book Boutique.
 15833 | D:10     | Bought a Trismegistus Codex for 308 gold pieces
 15972 | Lair:1   | Entered Level 1 of the Lair of Beasts
 15972 | Lair:1   | Noticed a seven-headed hydra
 15979 | Lair:1   | Killed a seven-headed hydra
 16442 | Lair:1   | Found a runed translucent gate.
 16442 | Lair:1   | Found a runed translucent gate.
 16442 | Lair:1   | Found a runed translucent gate.
 16484 | Lair:1   | Noticed kingsuperguy's ghost (novice MiBe)
 17159 | Lair:1   | Reached skill level 8 in Stealth
 17617 | Lair:2   | Found a hole to the Spider Nest.
 17631 | Lair:2   | Noticed a death yak
 17632 | Lair:2   | Noticed a death yak
 17632 | Lair:2   | Noticed a death yak
 17636 | Lair:2   | Noticed a death yak
 17645 | Lair:2   | Killed a death yak
 17648 | Lair:2   | Killed a death yak
 17652 | Lair:2   | Killed a death yak
 17653 | Lair:2   | Reached XP level 12. HP: 96/96 MP: 7/23
 17665 | Lair:2   | Killed a death yak
 17870 | Lair:2   | Noticed a four-headed hydra
 17881 | Lair:2   | Killed a four-headed hydra
 18710 | D:1      | Bought a scroll of identify for 46 gold pieces
 18710 | D:1      | Bought a scroll of identify for 46 gold pieces
 18710 | D:1      | Bought 2 potions of magic for 368 gold pieces
 18710 | D:1      | Bought a twisted bronze amulet for 115 gold pieces
 18717 | D:1      | Bought a fluorescent wand for 92 gold pieces
 19128 | Lair:2   | Reached skill level 1 in Short Blades
 19409 | Lair:2   | Found a staircase to the Shoals.
 19932 | Lair:3   | Reached skill level 9 in Stealth
 20025 | Lair:3   | Learned a level 3 spell: Mephitic Cloud
 20029 | Lair:3   | Learned a level 3 spell: Ignite Poison
 20134 | Lair:3   | Noticed a four-headed hydra
 20144 | Lair:3   | Killed a four-headed hydra
 20564 | Lair:3   | Noticed a four-headed hydra
 20576 | Lair:3   | Killed a four-headed hydra
 20577 | Lair:3   | Reached skill level 10 in Conjurations
 21432 | Lair:5   | Entered Level 5 of the Lair of Beasts
 21459 | Lair:5   | Found a viscous altar of Jiyva.
 21464 | Lair:5   | Learned a level 1 spell: Apportation
 21472 | Lair:5   | Found a staircase to the Slime Pits.
 21504 | Lair:5   | Noticed a boulder beetle
 21670 | Lair:4   | Gained mutation: You have a pair of large horns on your
                  | head. [demonic ancestry]
 21670 | Lair:4   | Reached XP level 13. HP: 95/106 MP: 13/25
 23347 | Lair:4   | Reached skill level 10 in Stealth
 24452 | Lair:5   | Reached skill level 10 in Fighting
 24956 | Lair:5   | Reached skill level 5 in Short Blades
 25187 | Lair:5   | Reached skill level 1 in Transmutations
 25188 | Lair:5   | Reached skill level 1 in Fire Magic
 26755 | Lair:5   | Gained mutation: Spells you cast may paralyse nearby
                  | enemies. [demonic ancestry]
 26755 | Lair:5   | Reached XP level 14. HP: 116/116 MP: 16/27
 27019 | Lair:5   | Reached skill level 10 in Spellcasting
 27064 | Lair:5   | Identified the +4 falchion of the Unliving {venom, Dex+2}
 27148 | Lair:5   | Identified the +10 quarterstaff "Nenaez" {vamp, Int+3 Dex+4
                  | Stlth-}
 27238 | Lair:5   | Reached skill level 10 in Dodging
 27238 | Lair:5   | Reached skill level 1 in Poison Magic
 27965 | Lair:5   | Identified the ring of the Fabulous God {rElec rPois rC+
                  | Dex-2}
 28032 | Lair:5   | Identified the +2 scale mail of the Nexus {rN+ Slay+2}
 29120 | D:3      | Killed turdburglar's ghost
 29353 | D:10     | Learned a level 4 spell: Dispel Undead
 29384 | D:11     | Reached skill level 1 in Necromancy
 29578 | D:11     | Found a runed translucent door.
 30661 | D:11     | Reached skill level 5 in Necromancy
 30964 | D:11     | Found a staircase to the Orcish Mines.
 31043 | D:11     | Found a runed translucent door.
 31099 | D:11     | Found a portal to a secret trove of treasure.
 31257 | D:11     | Found a runed translucent door.
 31367 | D:12     | Noticed Frances
 31414 | Orc:1    | Entered Level 1 of the Orcish Mines
 31429 | Orc:1    | Reached skill level 11 in Stealth
 31453 | Orc:1    | Found a transporter.
 31460 | Orc:1    | Found Zijuit's Antique Weapon Emporium.
 31598 | Orc:1    | Noticed sigtrap's ghost (journeyman SpBr)
 32150 | Orc:1    | Found a transporter.
 32260 | Orc:2    | Entered Level 2 of the Orcish Mines
 32277 | Orc:2    | Noticed Maurice
 32282 | Orc:2    | Killed Maurice
 33150 | Orc:2    | Found a staircase to the Elven Halls.
 33840 | Orc:2    | Noticed an orc warlord
 34127 | Orc:2    | Killed an orc warlord
 34365 | Orc:2    | Paralysed by an orc sorcerer for 2 turns
 37200 | Orc:2    | Paralysed by an orc sorcerer for 4 turns
 37506 | Orc:2    | Found Jofeack's Antique Armour Shop.
 37506 | Orc:2    | Found Ixahu's Antique Weapon Shop.
 37508 | Orc:2    | Found Otybafor's General Store.
 37508 | Orc:2    | Found Heunekh's Book Boutique.
 37513 | Orc:2    | Bought a scroll of summoning for 161 gold pieces
 37513 | Orc:2    | Bought the +2 shield of Resistance {rF++ rC++ Will++} for
                  | 1198 gold pieces
 37513 | Orc:2    | Found the +2 shield of Resistance {rF++ rC++ Will++}
 37946 | D:12     | Identified the ring of Ducvuc {rC+ Dex+7 SInv}
 37967 | D:11     | Reached XP level 15. HP: 86/124 MP: 25/29
 38103 | D:12     | Reached skill level 1 in Shields
 39658 | D:12     | Killed Frances
 39888 | D:12     | Noticed an iron dragon
 40034 | D:12     | Killed an iron dragon
 40489 | D:12     | Found a hazy altar of Hepliaklqana.
 41182 | D:13     | Found a gate to the Vaults.
 41438 | D:13     | Reached skill level 5 in Fire Magic
 41733 | D:14     | Reached skill level 5 in Transmutations
 41899 | D:14     | HP: 5/124 [brown ugly thing (12)]
 41899 | D:14     | HP: 1/124 [acid (4)]
 43522 | D:15     | Entered Level 15 of the Dungeon
 43718 | Elf:1    | Entered Level 1 of the Elven Halls
 44065 | Elf:1    | Identified a scroll of acquirement
 44297 | Spider:1 | Entered Level 1 of the Spider Nest
 44337 | Spider:1 | Reached skill level 12 in Stealth
 44747 | Spider:1 | Reached skill level 5 in Shields
 45349 | Spider:1 | Found a transporter.
 45349 | Spider:1 | Found a transporter.
 46678 | Spider:1 | Gained mutation: Your magical and physical power is
                  | slightly enhanced at high health. [demonic ancestry]
 46678 | Spider:1 | Reached XP level 16. HP: 98/133 MP: 16/31
 47403 | D:10     | Bought a book of Scorching for 330 gold pieces
 47408 | D:10     | Learned a level 4 spell: Passage of Golubria
 48262 | Spider:1 | Reached skill level 1 in Summonings
 52837 | Spider:3 | Noticed Azrael
 52842 | Spider:3 | Killed Azrael
 52903 | Spider:3 | Noticed Mlioglotl
 52912 | Spider:3 | Killed Mlioglotl
 53822 | Spider:3 | Noticed Arachne
 53845 | Spider:3 | Killed Arachne
 54311 | Spider:3 | Identified the +1 helmet "Pufung" {Stlth+}
 54543 | Spider:4 | Entered Level 4 of the Spider Nest
 54944 | Orc:1    | Killed sigtrap's ghost
 55160 | D:10     | Bought a potion of heal wounds for 85 gold pieces
 55160 | D:10     | Bought 2 potions of heal wounds for 170 gold pieces
 55163 | D:10     | Bought a condenser vane for 680 gold pieces
 57486 | Spider:3 | Reached skill level 13 in Stealth
 57486 | Spider:3 | Gained mutation: You are completely covered in rugged brown
                  | scales. (AC +3, +7% HP) [demonic ancestry]
 57486 | Spider:3 | Reached XP level 17. HP: 102/144 MP: 1/32
 60415 | Spider:4 | Noticed Agnes
 60424 | Spider:4 | Killed Agnes
 60911 | Spider:4 | Got a gossamer rune of Zot
 61113 | Shoals:1 | Entered Level 1 of the Shoals
 61668 | Shoals:1 | Reached skill level 5 in Summonings
 66084 | Shoals:2 | Noticed a kraken
 66094 | Shoals:2 | Killed a kraken
 66911 | Shoals:2 | Noticed Polyphemus
 67183 | Shoals:2 | Killed Polyphemus
 69259 | Shoals:3 | Gained mutation: When hurt, damage is shared between your
                  | health and your magic reserves. [demonic ancestry]
 69259 | Shoals:3 | Reached XP level 18. HP: 141/154 MP: 25/34
 71613 | Shoals:4 | Entered Level 4 of the Shoals
 72756 | Shoals:4 | Reached skill level 10 in Shields
 73356 | Shoals:4 | Identified the +9 scimitar of Idih {vorpal, rElec rF+ rN+}
 73562 | Shoals:4 | Reached skill level 14 in Stealth
 73749 | Shoals:4 | Slain by a snapping turtle

Illustrated notes

Levels and vault maps discovered:
D:1:      dpeg_arrival_tiny_a, layout_basic,
          hellmonk_ecumenical_altar_pennies_from_heaven, serial_shops, shop,
          shop, shop, nicolae_shop_statue_plus, nicolae_shop_overgrown_old_shop
D:2:      layout_loops_ring, serial_shops, nicolae_shop_crystal,
          solitary_fountain
D:3:      layout_loops_ring, trog_book, ebering_ghost_sewer_f
D:4:      layout_loops_cross, amcnicky_altar_gilded
D:5:      layout_loops_ring, mainiacjoe_overflow_paths, serial_co_window_serial,
          co_window_paths_a, co_window_of_opportunity_a, co_window_paths_a,
          co_window_paths_a, co_window_of_opportunity_a, co_window_broadway_b,
          co_window_corner_b, co_window_unsneaky_path_c, co_window_corner_b,
          co_window_corner_b, co_window_paths_c, co_window_4corner_b,
          glass_columns_b, glass_columns_b, glass_columns_b,
          dreamdust_gnoll_farm
D:6:      corexii_shack_village, layout_basic, minmay_temple_entry_arrows,
          enter_ossuary_1, uniq_blork_the_orc
D:7:      layout_loops_ring, minitemple
D:8:      layout_rooms, mainiacjoe_overflow_boulevard, zin_scriptorium,
          elyvilon_altar_4, uniq_gastronok, uniq_prince_ribbit1
D:9:      layout_basic, hex_tiny, nicolae_sextant
D:10:     layout_rooms, minmay_lair_entry_grove, serial_shops,
          nicolae_shop_trees, grunt_ministairs_6
D:11:     layout_rooms, david_orc_3, nicolae_trove_entry_path_of_doom,
          minmay_statue_crystal_thing
D:12:     minmay_strange_plus, layout_rooms, nicolae_hepliaklqana_hippocampus,
          uniq_frances
D:13:     layout_gridville, erik_vaults_1
D:14:     layout_roguey, interstate_on_off
D:15:     hangedman_depths_entry_civil_slaughter, layout_grid_maze,
          serial_park_square3 [serial_park_minivault_5x5_2]
Temple:   nicolae_temple_two_arcs
Lair:1:   layout_cave_pods, gammafunk_ghost_icy, serial_bayou_shore_a
Lair:2:   layout_small_grid, elwin_shoals_entry_stream,
          hellmonk_spider_entry_life_and_decay, cheibrodos_lair_caveside_slide
Lair:3:   layout_gridlike, lemuel_another_geyser
Lair:4:   layout_misc_corridors
Lair:5:   minmay_lair_end_frog_pond, layout_gridlike,
          nicolae_slime_entry_slimehenge, nicolae_quartered_pool_little
Shoals:1: layout_shoals, nicolae_shoals_so_close
Shoals:2: layout_shoals, uniq_polyphemus
Shoals:3: layout_shoals, nicolae_shoals_goliath_grotto
Shoals:4: shoals_end_hangedman, layout_shoals,
          portal_ice_cave_entry_ice_statue_one
Spider:1: gammafunk_sealed_arena
Spider:2: layout_spider_delve, nicolae_spider_some_kinda_spiderbox
Spider:3: layout_spider_delve, nicolae_spider_nooks_and_crannies, uniq_azrael,
          uniq_arachne, uniq_mlioglotl
Spider:4: johnstein_spider_rune_arachne_lair, uniq_agnes
Orc:1:    layout_diamond_mine, gammafunk_ghost_berserking_beasts, serial_shops,
          shop
Orc:2:    st_orc_congregation, layout_diamond_mine, uniq_maurice
Elf:1:    eino_elf_arrival_sip, layout_loops_cross, gammafunk_ghost_cemetery,
          serial_shops, shop_coins, evilmike_minifort

Skill      XL: |  1  2  3  4  5  6  7  8  9 10 11 12 13 14 15 16 17 18 |
---------------+-------------------------------------------------------+-----
Stealth        | 2 3 4 5 7 8 9 10 11 12 13 14 | 14.0
Dodging        | 2 3 4 5 6 7 8 9 10 11 12 | 12.9
Fighting       | 1 2 3 4 5 6 8 9 10 11 12 13 | 13.8
Spellcasting   | 3 4 5 6 7 8 9 10 11 12 | 12.8
Conjurations   | 5 6 8 9 10 | 10.0
Translocations | 1 2 4 5 6 7 8 |  8.2
Hexes          | 2 3 4 5 |  5.0
Short Blades   | 3 5 |  5.0
Transmutations | 2 4 5 |  5.0
Fire Magic     | 2 4 5 |  5.0
Poison Magic   | 1 |  1.8
Necromancy     | 5 |  5.3
Shields        | 6 8 9 10 | 10.0
Summonings     | 4 6 8 |  8.6

Action                   |  1- 3 |  4- 6 |  7- 9 | 10-12 | 13-15 | 16-18 || total
-------------------------+-------+-------+-------+-------+-------+-------++-------
Melee: Dagger            |    18 |    57 |   125 |   175 |   417 |   331 ||  1123
       Unarmed           |     2 |       |       |       |       |       ||     2
       Headbutt          |     1 |    13 |    23 |    30 |   109 |    84 ||   260
       Punch             |       |     1 |       |     2 |     3 |       ||     6
       Mace              |       |       |       |    14 |       |       ||    14
 Cast: Magic Dart        |    34 |    36 |    43 |    88 |   203 |   226 ||   630
       Searing Ray       |     6 |    31 |    46 |    24 |     1 |    17 ||   125
       Dazzling Flash    |       |     6 |    20 |    29 |    17 |     5 ||    77
       Iskenderun's Myst |       |     2 |    19 |    91 |   411 |   489 ||  1012
       Blink             |       |       |     4 |     1 |     1 |     1 ||     7
       Stone Arrow       |       |       |       |   108 |   317 |   369 ||   794
       Summon Guardian G |       |       |       |     9 |    54 |    12 ||    75
       Apportation       |       |       |       |     7 |     8 |    63 ||    78
       Mephitic Cloud    |       |       |       |       |    64 |    59 ||   123
       Ignite Poison     |       |       |       |       |     7 |    21 ||    28
       Dispel Undead     |       |       |       |       |     6 |       ||     6
       Passage of Golubr |       |       |       |       |       |     1 ||     1
Invok: Potion Petition   |       |       |       |       |     3 |     2 ||     5
       Call Merchant     |       |       |       |       |       |     1 ||     1
Evoke: Wand              |       |       |       |     8 |     5 |     4 ||    17
       Lightning rod     |       |       |       |     2 |       |     2 ||     4
       Tin of tremorston |       |       |       |       |       |     2 ||     2
  Use: Scroll            |     4 |     7 |    10 |     9 |     6 |     6 ||    42
       Potion            |       |     5 |     6 |     2 |    10 |     7 ||    30
 Stab: Sleeping          |     1 |     4 |     7 |    14 |    11 |     7 ||    44
       Invisible         |       |     2 |     4 |     7 |     2 |     1 ||    16
       Distracted        |       |       |     1 |     1 |     7 |     1 ||    10
       Paralysed         |       |       |       |    23 |    85 |    80 ||   188
       Confused          |       |       |       |       |     7 |     2 ||     9
Armor: Robe              |     4 |    15 |    38 |   101 |   173 |   165 ||   496
Dodge: Dodged            |    15 |    72 |   145 |   213 |   620 |   784 ||  1849
       Repelled          |       |       |       |       |     7 |    30 ||    37
Block: Kite shield       |       |       |       |       |   124 |   669 ||   793
